 Dungeon Crawl Stone Soup version 0.20.1-1-g8b1a95d (webtiles) character file.

25 silveira1995 the Sneak (level 2, -3/13 HPs)
             Began as a Spriggan Enchanter on Nov 13, 2017.
             Slain by an adder (4 damage)
             ... on level 2 of the Dungeon.
             The game lasted 00:04:59 (749 turns).

silveira1995 the Sneak (Spriggan Enchanter)          Turns: 749, Time: 00:04:59

Health: -3/13      AC:  2    Str:  4    XL:     2   Next: 86%
Magic:  6/6        EV: 18    Int: 16    God:
Gold:   23         SH:  0    Dex: 16    Spells: 5/6 levels left

rFire    . . .     SeeInvis +   a - +1 dagger
rCold    . . .     Gourm    .   (shield restricted)
rNeg     . . .     Faith    .   i - +0 robe
rPois    .         Spirit   .   (helmet restricted)
rElec    .         Reflect  .   (no cloak)
rCorr    .         Harm     .   (gloves unavailable)
MR       .....                  (boots unavailable)
Stlth    +++.......             (no amulet)
Regen    0.1/turn               (no ring)
MPRegen  0.1/turn               (no ring)

@: very quick
A: unfitting armour, see invisible, herbivore 3, speed 3, slow metabolism 2
a: no special abilities


You were on level 2 of the Dungeon.
You were not hungry.

You visited 1 branch of the dungeon, and saw 2 of its levels.

You collected 23 gold pieces.

Inventory:

Hand Weapons
 a - a +1 dagger (weapon)
 b - a +0 hunting sling
Armour
 i - a +0 robe (worn)
Scrolls
 e - a scroll of remove curse {unknown}
 h - a scroll of identify {unknown}
 j - a scroll of noise {unknown}
 k - 3 scrolls of fear {unknown}
Potions
 f - a potion of flight {unknown}
 g - a potion of heal wounds {unknown}
Books
 c - a book of Maledictions

   Spells                             Type                      Level
   a - Corona                         Hexes                        1
   b - Ensorcelled Hibernation        Hexes/Ice                    2
   c - Confuse                        Hexes                        3
   d - Tukima's Dance                 Hexes                        3
   e - Dazzling Spray                 Conjuration/Hexes            3
Comestibles
 d - a bread ration


   Skills:
 * Level 2.1 Short Blades
 - Level 3.0 Dodging
 * Level 5.3 Stealth
 - Level 2.6 Spellcasting
 + Level 3.9 Hexes


You had 5 spell levels left.
You knew the following spells:

 Your Spells              Type           Power        Failure   Level  Hunger
a - Corona                Hex            ##.....      3%          1    #......


Dungeon Overview and Level Annotations

Branches:
Dungeon (2/15)

Altars:
Uskayaw


Innate Abilities, Weirdness & Mutations

You are very small and have problems with some larger weapons.
You are too small for most types of armour.
You have supernaturally acute eyesight. (SInv)
You are a herbivore.
You cover ground extremely quickly.
You need consume almost no food.


Message History

You see here 8 gold pieces.
The adder hisses angrily.
You hit the bat but do no damage. The bat completely misses you.
The bat barely misses you.
You barely miss the bat. The bat completely misses you.
The bat barely misses you.
You miss the bat. The bat closely misses you. The adder bites you.
The bat completely misses you.
You barely miss the adder. The bat hits you but does no damage.
The adder bites you.
* * * LOW HITPOINT WARNING * * *
You hit the adder.
The adder is lightly wounded.
The bat hits you.
* * * LOW HITPOINT WARNING * * *
The adder misses you.
You barely miss the adder.
The adder is lightly wounded.
The bat closely misses you. The adder closely misses you. The adder bites you.
You die...

#.8.8.8..# ........##
##..........
#..#.!....# #..#_)....#
# .##..#.%....#.. #
.......S.......
#.###########..(@....#
#...<†.......#b8$8.8.#
######.......#.?(....#
#.......###.#####
#........#..###
#.............#
#........####.#######.#
#.......## #.).......#
#.......# ###########


You could see an adder and a bat.

Vanquished Creatures
  An adder (D:2)
  A leopard gecko (D:2)
  2 giant cockroaches (D:1)
  4 goblins
  A hobgoblin (D:2)
  A kobold (D:1)
  A bat (D:1)
  4 rats (D:1)
15 creatures vanquished.

Notes
Turn   | Place    | Note
-------+----------+-------------------------------------------
     0 | D:1      | silveira1995 the Spriggan Enchanter began the quest for the Orb.
     0 | D:1      | Reached XP level 1. HP: 9/9 MP: 5/5
   287 | D:1      | Reached XP level 2. HP: 13/13 MP: 4/6
   697 | D:2      | Reached skill level 5 in Stealth
   735 | D:2      | Found a hide-covered altar of Uskayaw.
   749 | D:2      | Slain by an adder

Skill      XL: |  1  2 |
---------------+-------+-----
Short Blades   | 2 |  2.1
Stealth        | 5 |  5.3
Dodging        | |  3.0
Spellcasting   | |  2.6
Hexes          | |  3.9

Action                   || total
-------------------------++-------
Melee: Dagger            ||    68
 Cast: Corona            ||     3
 Stab: Sleeping          ||     4
Armor: Robe              ||     7
Dodge: Dodged            ||    52
